Map: Catalyst LE

Players

SpeCial - Winner!

  • Race: Terran Terran
  • Spawn Location: 5:00

Hellraiser

  • Race: Protoss Protoss
  • Spawn Location: 11:00

Event: IEM Season 12 - Katowice

VOD

Have the link to the VOD?

Description

Time

  • Played on: Feb. 27, 2018, 4:15 a.m.
  • Length: 15:01

All games in this series

Show
View Real Time Build Order
Export as new Build Order

SpeCial Terran - Winner!

Build Orders: Cyclone Opening, Gas First Reaper Expand, Reaper Expand, MMM Bio 

Get SALT Encoding   

  12  0:00  SCV  
  13  0:12  SCV  
  14  0:17  Supply Depot  
  14  0:24  SCV  
  14  0:28  Refinery  
  15  0:39  SCV  
  16  0:45  Barracks  
  16  0:51  SCV  
  17  1:03  SCV  
  18  1:15  SCV  
  19  1:32  Reaper, Orbital Command  
  20  1:44  Command Center  
  20  1:56  Factory  
  20  1:59  SCV  
  21  2:06  Barracks Reactor  
  21  2:11  SCV  
  21  2:15  Supply Depot  
  22  2:23  SCV, Engineering Bay  
  23  2:30  Refinery  
  24  2:37  SCV  
  24  2:43  Cyclone  
  24  2:44  Marine  
  27  2:47  Marine  
  27  2:52  SCV  
  27  3:04  SCV  
  27  3:05  Supply Depot  
  28  3:16  SCV  
  29  3:27  Cyclone  
  32  3:28  Cyclone, SCV  
  36  3:39  Barracks Tech Lab  
  36  3:41  SCV, Orbital Command  
  37  3:42  Barracks  
  37  3:47  Barracks  
  37  3:53  SCV  
  38  3:58  Marine  
  38  3:59  Stimpack  
  39  4:05  SCV  
  39  4:08  SCV  
  39  4:09  Factory Tech Lab  
  41  4:16  Marine  
  42  4:17  SCV  
  42  4:20  SCV  
  42  4:27  Bunker  
  42  4:29  SCV  
  43  4:32  SCV  
  43  4:33  Supply Depot  
  43  4:37  Marine  
  43  4:38  Marine  
  47  4:40  Marauder  
  47  4:41  SCV  
  47  4:44  SCV  
  50  4:46  Engineering Bay  
  50  4:49  Marauder  
  52  4:53  SCV  
  52  4:54  Combat Shields  
  52  4:56  Supply Depot, SCV  
  53  5:02  Marine x2  
  53  5:03  Marauder  
  53  5:05  SCV  
  58  5:10  Marauder  
  60  5:15  SCV  
  60  5:18  SCV  
  62  5:25  Starport, Factory Reactor  
  62  5:27  SCV  
  62  5:28  Terran Infantry Weapons Level 1  
  63  5:29  Refinery  
  63  5:30  SCV  
  63  5:31  Missile Turret  
  63  5:35  Marine x2, Marauder  
  68  5:39  SCV  
  68  5:41  Supply Depot  
  69  5:49  SCV  
  70  5:53  Missile Turret  
  70  6:03  SCV, Marine x2, Marauder x2  
  77  6:05  Supply Depot  
  77  6:12  Supply Depot  
  77  6:13  Factory Reactor  
  77  6:15  Refinery  
  77  6:20  Marine  
  78  6:26  SCV x2, Marine, Medivac  
  78  6:27  Marauder  
  78  6:30  Supply Depot  
  85  6:33  Medivac  
  85  6:35  Supply Depot  
  85  6:42  Factory Tech Lab  
  85  6:45  Marine x2, Concussive Shells  
  86  6:53  Command Center, Marauder x2  
  90  6:58  Medivac  
  92  7:03  Medivac  
  92  7:04  Siege Tank  
  92  7:05  Barracks  
  92  7:06  Barracks  
  97  7:14  Supply Depot  
  97  7:17  Supply Depot, Marine x2, Marauder x2  
  97  7:20  SCV x2  
  105  7:34  SCV, Marine x2  
  105  7:36  SCV  
  108  7:39  Marauder x2  
  112  7:45  Viking  
  112  7:50  SCV, Factory Reactor, Starport  
  116  7:51  SCV  
  116  7:56  Terran Infantry Armor Level 1  
  116  7:59  Barracks Tech Lab  
  116  8:00  Barracks Reactor, Marauder  
  116  8:03  SCV x2  
  116  8:05  Orbital Command  
  120  8:06  Marine  
  120  8:10  Marine  
  122  8:14  Marauder  
  122  8:15  SCV  
  125  8:21  Marauder  
  122  8:31  Viking x2  
  122  8:32  SCV x2  
  122  8:33  Marine x2  
  114  8:34  Marauder  
  114  8:36  SCV, Marauder  
  116  8:42  Supply Depot  
  116  8:43  Marauder  
  116  8:44  SCV x2  
  119  8:48  SCV  
  119  8:55  Marine x3, Marauder  
  117  8:57  SCV, Marauder  
  117  9:00  Medivac x2  
  122  9:04  SCV  
  122  9:06  Liberator x2  
  122  9:08  Marine x2  
  122  9:09  SCV  
  121  9:10  Supply Depot  
  121  9:14  Marine x2  
  124  9:17  Marauder  
  124  9:18  SCV x2, Marauder  
  134  9:26  Supply Depot, Refinery  
  134  9:27  Refinery  
  134  9:32  SCV x2  
  134  9:36  Armory  
  134  9:37  Engineering Bay  
  136  9:38  SCV  
  136  9:44  Missile Turret, Marine x4  
  136  9:45  Marauder x3  
  147  9:48  Viking x2  
  151  10:03  Marine x2  
  151  10:04  Marine x2  
  151  10:05  Supply Depot  
  151  10:06  Marine, Marauder x2  
  160  10:09  Viking  
  160  10:11  Command Center  
  162  10:15  Viking  
  164  10:27  Viking  
  166  10:29  Marine, Marauder  
  169  10:38  Viking  
  169  10:39  Marauder  
  173  10:45  Terran Infantry Armor Level 2, Terran Infantry Weapons Level 2  
  173  10:49  Marine x2, Marauder  
  173  10:50  Marine x2  
  173  10:53  Liberator  
  173  10:56  Marauder  
  166  11:00  Marauder  
  166  11:03  Viking  
  166  11:04  Viking  
  156  11:07  Marine x2  
  156  11:08  Marine x2  
  156  11:10  Marauder  
  145  11:16  Liberator  
  145  11:17  Marauder  
  141  11:18  Terran Ship Weapons Level 1  
  141  11:21  Marauder  
  141  11:25  Marine x2  
  140  11:26  Marine  
  140  11:28  Medivac  
  140  11:31  Marine, Marauder  
  141  11:33  Medivac  
  141  11:35  Barracks x2  
  141  11:38  Barracks, Marauder  
  148  11:43  Marine x2, Marauder  
  148  11:45  Marine  
  143  11:49  Marine  
  143  11:53  Marauder  
  142  11:58  Viking x2  
  142  11:59  Planetary Fortress  
  142  12:00  SCV x3, Marauder  
  142  12:01  Marine x2  
  153  12:04  Marauder  
  155  12:09  Marine  
  155  12:10  Missile Turret  
  155  12:13  Marine  
  155  12:14  Marauder  
  155  12:15  Viking  
  161  12:21  Marauder  
  161  12:22  Marine  
  163  12:23  Marauder  
  163  12:26  Marauder  
  163  12:27  Barracks Reactor, Barracks Tech Lab  
  163  12:29  Marine  
  169  12:34  Ghost Academy  
  169  12:35  Marauder  
  171  12:42  Marine, Liberator x2  
  171  12:43  Marauder  
  172  12:44  Marauder  
  172  12:51  Marine, Marauder  
  157  12:53  Marine  
  157  12:54  Viking x2, Marauder  
  157  12:55  Marine  
  157  12:57  Marauder  
  145  13:00  Marine  
  145  13:04  Marauder  
  145  13:05  Marine x2  
  144  13:09  Marine  
  144  13:13  Marauder  
  144  13:14  Marine  
  144  13:15  Marauder  
  144  13:18  Marauder  
  141  13:25  Marine x2  
  141  13:26  Marauder  
  134  13:30  Marine x3, Marauder  
  134  13:31  Medivac  
  136  13:38  Refinery  
  136  13:39  Refinery  
  136  13:40  Marine x3, Marauder  
  141  13:47  Medivac x2, Marauder  
  147  13:51  Marine, Marauder  
  147  13:54  Command Center  
  150  13:58  Marauder  
  150  14:01  Marauder  
  154  14:05  Marine x2  
  154  14:06  Marauder  
  154  14:08  Viking  
  154  14:09  Viking  
  159  14:18  Marine  
  159  14:19  Marine, Marauder  
  159  14:22  Marine x2, Marauder  
  167  14:26  Viking x2  
  167  14:30  Marine, Marauder  
Show
View Real Time Build Order
Export as new Build Order

Hellraiser Protoss 

Build Orders: 1 Gate Expand 

Get SALT Encoding   

  12  0:08  Pylon  
  12  0:13  Probe  
  13  0:28  Gateway  
  13  0:32  Probe (Chrono Boost)  
  14  0:41  Probe (Chrono Boost)  
  15  0:42  Assimilator  
  15  0:46  Probe (Chrono Boost)  
  16  0:58  Probe  
  17  1:10  Probe  
  18  1:15  Cybernetics Core  
  18  1:22  Probe  
  19  1:35  Nexus  
  19  1:38  Probe  
  20  1:49  Adept (Chrono Boost)  
  20  1:54  Pylon  
  22  1:58  Assimilator  
  22  2:02  Warp Gate  
  22  2:04  Probe  
  23  2:09  Stalker (Chrono Boost)  
  25  2:16  Probe  
  26  2:28  Probe  
  27  2:40  Probe  
  27  2:52  Probe (Chrono Boost)  
  27  2:54  Probe (Chrono Boost)  
  27  2:58  Robotics Facility  
  28  3:05  Probe (Chrono Boost)  
  30  3:10  Probe (Chrono Boost)  
  30  3:12  Probe (Chrono Boost), Gateway x2  
  31  3:17  Probe  
  31  3:19  Probe  
  32  3:26  Stalker  
  35  3:29  Probe  
  35  3:31  Probe  
  37  3:35  Shield Battery  
  38  3:41  Probe  
  38  3:44  Probe  
  38  3:46  Observer (Chrono Boost)  
  41  3:57  Pylon  
  41  3:59  Warp Prism (Chrono Boost)  
  40  4:05  Stalker  
  40  4:07  Stalker  
  46  4:14  Pylon  
  46  4:15  Probe x2  
  48  4:25  Stalker  
  48  4:29  Stalker  
  48  4:30  Stalker  
  54  4:37  Probe (Chrono Boost)  
  56  4:40  Robotics Bay  
  56  4:42  Probe (Chrono Boost)  
  56  4:48  Probe (Chrono Boost)  
  56  4:52  Probe (Chrono Boost)  
  58  4:54  Probe (Chrono Boost)  
  59  5:00  Pylon  
  59  5:02  Probe (Chrono Boost)  
  61  5:09  Probe (Chrono Boost)  
  61  5:10  Probe (Chrono Boost)  
  62  5:17  Probe  
  62  5:18  Probe  
  62  5:22  Assimilator  
  62  5:24  Observer (Chrono Boost), Assimilator  
  62  5:25  Pylon  
  63  5:29  Probe  
  63  5:30  Probe  
  64  5:37  Gravitic Drive  
  64  5:39  Disruptor (Chrono Boost)  
  64  5:40  Pylon  
  64  5:41  Probe  
  64  5:42  Probe  
  69  5:45  Twilight Council  
  69  5:46  Forge  
  69  5:48  Pylon  
  69  5:54  Probe  
  70  5:59  Gateway x2  
  70  6:00  Gateway  
  70  6:06  Colossus (Chrono Boost)  
  76  6:12  Pylon  
  76  6:20  Protoss Ground Weapons Level 1  
  76  6:23  Pylon  
  76  6:27  Blink (Chrono Boost)  
  76  6:31  Probe x2  
  74  6:49  Extended Thermal Lance  
  74  6:58  Pylon, Colossus (Chrono Boost)  
  74  7:00  Zealot x4  
  82  7:05  Pylon, Nexus  
  82  7:07  Pylon  
  88  7:15  Pylon  
  88  7:20  Sentry, Stalker  
  88  7:21  Zealot  
  94  7:24  Probe x2  
  95  7:36  Observer (Chrono Boost)  
  95  7:40  Zealot x3  
  102  7:46  Probe x2  
  102  7:51  Stalker x2  
  108  7:58  Probe  
  108  7:59  Probe, Observer (Chrono Boost)  
  108  8:04  Shield Battery  
  111  8:10  Probe  
  111  8:11  Probe  
  112  8:14  Stalker x3  
  112  8:15  Sentry  
  112  8:16  Sentry  
  112  8:17  Probe  
  123  8:23  Probe x2  
  92  8:34  Zealot  
  92  8:39  Protoss Ground Armor Level 1  
  92  8:40  Zealot x5  
  100  8:52  Probe  
  100  8:53  Probe x2  
  100  8:54  Charge (Chrono Boost)  
  96  9:04  Probe  
  96  9:05  Probe x2  
  97  9:10  Colossus (Chrono Boost)  
  97  9:16  Probe  
  104  9:17  Probe x2  
  104  9:22  Stalker x3  
  104  9:23  Zealot x3  
  112  9:28  Probe  
  113  9:32  Shield Battery x2  
  113  9:35  Shield Battery  
  113  9:36  Pylon  
  113  9:45  Probe  
  113  9:46  Probe  
  116  9:53  Colossus (Chrono Boost)  
  116  9:57  Assimilator  
  121  10:01  Stalker x3  
  121  10:02  Assimilator  
  121  10:03  Stalker  
  121  10:05  Zealot x2  
  133  10:17  Pylon  
  133  10:18  Pylon  
  133  10:24  Pylon, Nexus  
  133  10:26  Pylon  
  133  10:36  Stalker x3  
  133  10:37  Colossus (Chrono Boost)  
  140  10:55  Stalker  
  140  10:56  Stalker x2  
  108  11:14  Stalker x3  
  108  11:16  Probe  
  103  11:23  Colossus (Chrono Boost)  
  101  11:31  Zealot x3  
  109  11:34  Gateway  
  109  11:36  Gateway  
  109  11:37  Zealot x3  
  107  11:51  Protoss Ground Weapons Level 2 (Chrono Boost)  
  107  11:52  Stalker x3  
  109  12:02  Probe  
  109  12:03  Shield Battery  
  109  12:06  Probe x2, Colossus (Chrono Boost)  
  118  12:11  Sentry x3  
  118  12:12  Probe  
  118  12:14  Probe  
  126  12:18  Pylon  
  126  12:21  Templar Archives  
  126  12:22  Pylon  
  126  12:23  Zealot  
  126  12:26  Pylon  
  126  12:29  Zealot x3  
  133  12:35  Zealot x2  
  137  12:37  Stalker  
  118  12:53  Stalker x4  
  84  13:08  Zealot x4  
  81  13:19  Stalker x4  
  89  13:21  Probe  
  89  13:23  Probe  
  91  13:30  Probe (Chrono Boost)  
  92  13:34  Probe (Chrono Boost)  
  92  13:35  Probe (Chrono Boost)  
  92  13:40  Probe (Chrono Boost), Sentry x3  
  100  13:42  Probe (Chrono Boost)  
  100  13:46  Probe (Chrono Boost)  
  100  13:47  Probe (Chrono Boost)  
  103  13:51  Probe (Chrono Boost)  
  103  13:52  Probe x2 (Chrono Boost)  
  103  13:53  Probe (Chrono Boost)  
  107  14:02  Probe  
  108  14:05  Stalker x3  
  108  14:06  Zealot x3  
  108  14:08  Zealot  
  120  14:11  Stalker  
  125  14:27  Stalker  
  125  14:28  Zealot x2  
  125  14:29  Zealot  
  133  14:37  Probe x2  
  133  14:38  Probe  
  120  14:48  Zealot x2  
  120  14:49  Zealot x4  
  106  14:53  Zealot x2  

Tags
 
Add a new tag
Caveats
  • Supply blocks, unpowered buildings, or Contaminate may cause inaccurate times.
  • Supply counts are checked every 10 seconds.